[Event "EWIRCC 2019"]
[Site "Monte-Carlo"]
[Date "2019.12.01"]
[Round "9.2"]
[White "Rogule, Laura"]
[Black "Kosteniuk, Alexandra"]
[Result "0-1"]
[ECO "E17"]
[WhiteElo "2293"]
[BlackElo "2483"]
[Annotator "ChessBase"]
[PlyCount "58"]
[EventDate "2019.11.28"]
[EventType "swiss"]
[EventCountry "MNC"]
[SourceTitle "playchess.com"]
[Source "ChessBase"]
[SourceQuality "1"]
[TimeControl "5400+30"]

1. c4 Nf6 2. Nf3 b6 3. d4 e6 4. g3 Bb7 5. Bg2 Be7 6. O-O O-O 7. Re1 d5 8. cxd5 exd5 9. Bf4 c5 10. Ne5 Nbd7 11. Nc3 cxd4 12. Qxd4 Nc5 13. Rad1 Nce4 14. Nxe4 Nxe4 15. Bxe4 dxe4 16. Qd7 Qxd7 17. Rxd7 Bb4 18. Rc1 Bc8 19. Rd4 Bc5 20. Rxe4 Re8 21. Ra4 g5 22. Nd3 gxf4 23. Nxf4 Bb7 24. e3 Rxe3 25. Nh5 Re2 26. Rf1 Rd8 27. Rg4+ Kf8 28. Nf6 Bxf2+ 29. Rxf2 Rd1+ 0-1

[Event "EWIRCC 2019"]
[Site "Monte-Carlo"]
[Date "2019.12.01"]
[Round "9.3"]
[White "Batsiashvili, Nino"]
[Black "Cramling, Pia"]
[Result "1/2-1/2"]
[ECO "A17"]
[WhiteElo "2422"]
[BlackElo "2443"]
[Annotator "NA"]
[PlyCount "82"]
[EventDate "2019.11.28"]
[EventType "swiss"]
[EventCountry "MNC"]
[SourceTitle "playchess.com"]
[Source "ChessBase"]
[SourceQuality "1"]
[TimeControl "5400+30"]

1. c4 e6 2. Nf3 d5 3. e3 Nf6 4. Nc3 b6 5. b3 Bb7 6. Bb2 Nbd7 $11 7. cxd5 exd5 8. d4 a6 9. g3 Bd6 10. Bg2 O-O 11. O-O Qe7 12. Nh4 Qe6 13. Qd3 Rfe8 14. Ne2 a5 15. Rfe1 g6 16. Nc3 Ne4 17. Nf3 Qe7 18. Qc2 Nxc3 19. Bxc3 Rec8 20. Rad1 Re8 21. Nd2 f5 22. Nc4 Bb4 23. f4 Nf6 24. Ne5 Ne4 25. Bxb4 axb4 26. Bxe4 fxe4 27. g4 c5 28. Qg2 Rec8 29. Kh1 cxd4 30. Rxd4 Qh4 31. Red1 Rc3 32. g5 Rxe3 33. Qd2 Qxf4 34. Rxd5 Re1+ 35. Qxe1 e3 36. Kg1 Bxd5 37. Rxd5 Rxa2 38. Rd8+ Kg7 39. Rd7+ Kg8 40. Rd8+ Kg7 41. Rd7+ Kg8 1/2-1/2

[Event "EWIRCC 2019"]
[Site "Monte-Carlo"]
[Date "2019.12.01"]
[Round "9.4"]
[White "Bodnaruk, Anastasia"]
[Black "Zhukova, Natalia"]
[Result "1/2-1/2"]
[ECO "C50"]
[WhiteElo "2412"]
[BlackElo "2323"]
[Annotator "ChessBase"]
[PlyCount "72"]
[EventDate "2019.11.28"]
[EventType "swiss"]
[EventCountry "MNC"]
[SourceTitle "playchess.com"]
[Source "ChessBase"]
[SourceQuality "1"]
[TimeControl "5400+30"]

1. e4 e5 2. Nf3 Nc6 3. Bc4 Nf6 4. d3 Bc5 5. Bg5 h6 6. Bh4 Be7 7. c3 O-O 8. O-O d6 9. a4 Nh5 10. Bg3 Nxg3 11. fxg3 Na5 12. Bd5 c6 13. Ba2 c5 14. Rf2 Kh8 15. Nbd2 f5 16. Bd5 f4 17. gxf4 Rxf4 18. Nf1 Nc6 19. Ne3 Bd7 20. Ba2 Rf8 21. Qe2 Qe8 22. Raf1 Qh5 23. Nd5 Bg4 24. h3 Bxf3 25. Rxf3 Rxf3 26. Rxf3 Kh7 27. Qf1 Bg5 28. Rf7 Qh4 29. Rxb7 Ne7 30. Nxe7 Bxe7 31. Qf7 Rf8 32. Qxe7 Qf2+ 33. Kh1 Qf1+ 34. Kh2 Qf4+ 35. Kh1 Qf1+ 36. Kh2 Qf4+ 1/2-1/2

[Event "EWIRCC 2019"]
[Site "Monte-Carlo"]
[Date "2019.12.01"]
[Round "9.5"]
[White "Muzychuk, Anna"]
[Black "Berend, Elvira"]
[Result "1-0"]
[ECO "A03"]
[WhiteElo "2543"]
[BlackElo "2349"]
[Annotator "ChessBase"]
[PlyCount "99"]
[EventDate "2019.11.28"]
[EventType "swiss"]
[EventCountry "MNC"]
[SourceTitle "playchess.com"]
[Source "ChessBase"]
[SourceQuality "1"]
[TimeControl "5400+30"]

1. f4 d5 2. Nf3 Nf6 3. g3 g6 4. Bg2 Bg7 5. O-O c6 6. e3 Bg4 7. d3 Bxf3 8. Qxf3 O-O 9. e4 e6 10. Nc3 Na6 11. Kh1 Qb6 12. a3 Nd7 13. e5 c5 14. Nd1 Nc7 15. Ne3 f5 16. exf6 Nxf6 17. Rb1 Rae8 18. c4 Qb3 19. Qd1 Qxd1 20. Rxd1 b6 21. b4 cxb4 22. axb4 Rd8 23. Ba3 d4 24. Nf1 Ng4 25. Kg1 Ne3 26. Rdc1 Nxg2 27. Kxg2 e5 28. b5 Rfe8 29. fxe5 Rxe5 30. Re1 Rxe1 31. Rxe1 Bf8 32. Ra1 Bxa3 33. Rxa3 Ra8 34. Nd2 a6 35. Nb3 axb5 36. Rxa8+ Nxa8 37. cxb5 Nc7 38. Nxd4 Kf7 39. Kf3 Ke7 40. Ke4 Kd6 41. g4 Nd5 42. Ne2 Nc7 43. Nc3 Kc5 44. Ke5 Kb4 45. Nd5+ Nxd5 46. Kxd5 Kxb5 47. d4 g5 48. Ke6 Kc6 49. d5+ Kc7 50. Ke7 1-0

[Event "EWIRCC 2019"]
[Site "Monte-Carlo"]
[Date "2019.12.01"]
[Round "9.6"]
[White "Muzychuk, Mariya"]
[Black "Guichard, Pauline"]
[Result "1-0"]
[ECO "C45"]
[WhiteElo "2552"]
[BlackElo "2407"]
[Annotator "ChessBase"]
[PlyCount "107"]
[EventDate "2019.11.28"]
[EventType "swiss"]
[EventCountry "MNC"]
[SourceTitle "playchess.com"]
[Source "ChessBase"]
[SourceQuality "1"]
[TimeControl "5400+30"]

1. e4 e5 2. Nf3 Nc6 3. d4 exd4 4. Nxd4 Nf6 5. Nxc6 bxc6 6. e5 Qe7 7. Qe2 Nd5 8. c4 Nb6 9. Nc3 Ba6 10. b3 Qe6 11. Qe4 Bb4 12. Bd2 Bxc3 13. Bxc3 d5 14. Qh4 dxc4 15. Be2 O-O 16. O-O Nd5 17. Bxc4 Bxc4 18. Qxc4 Nxc3 19. Qxc3 Rfe8 20. Rfe1 Rad8 21. Rac1 Rd5 22. Qxc6 Rxe5 23. Rxe5 Qxe5 24. g3 Rd8 25. Kg2 h5 26. h4 Rd2 27. Qa8+ Kh7 28. Qxa7 Qd5+ 29. Kg1 c5 30. Qe7 g6 31. Qg5 Qd4 32. Qxc5 Qxc5 33. Rxc5 Rxa2 34. Rc7 Kg7 35. Kg2 Rb2 36. Rb7 Kf6 37. Kf3 Ke6 38. Ke3 f6 39. Rb6+ Kf5 40. Rb5+ Ke6 41. b4 Kd6 42. Rb8 Ke5 43. b5 Rb3+ 44. Ke2 Rb2+ 45. Kf3 Rb3+ 46. Kg2 g5 47. hxg5 fxg5 48. b6 Kf6 49. b7 Kg7 50. f4 h4 51. f5 Rb2+ 52. Kh3 Rb3 53. f6+ Kf7 54. Rh8 1-0

[Event "EWIRCC 2019"]
[Site "Monte-Carlo"]
[Date "2019.12.01"]
[Round "9.7"]
[White "Mkrtchian, Lilit"]
[Black "Paehtz, Elisabeth"]
[Result "0-1"]
[ECO "A10"]
[WhiteElo "2402"]
[BlackElo "2484"]
[Annotator "ChessBase"]
[PlyCount "132"]
[EventDate "2019.11.28"]
[EventType "swiss"]
[EventCountry "MNC"]
[SourceTitle "playchess.com"]
[Source "ChessBase"]
[SourceQuality "1"]
[TimeControl "5400+30"]

1. c4 b6 2. Nc3 Bb7 3. e4 e6 4. Nge2 Nf6 5. e5 Ne4 6. Nxe4 Bxe4 7. Nc3 Bb7 8. d4 d6 9. exd6 Bxd6 10. Be3 Nd7 11. Qc2 Nf6 12. f3 O-O 13. O-O-O Qe7 14. Nb5 a6 15. Nxd6 cxd6 16. Bg5 Rfc8 17. Kb1 b5 18. Qb3 Rab8 19. cxb5 Bd5 20. Qb4 axb5 21. a3 h6 22. Bh4 Bc4 23. Bd3 Rc6 24. Bxf6 Bxd3+ 25. Rxd3 Qxf6 26. Ka1 Qf5 27. Rb3 Qd5 28. Rd1 Rc4 29. Qd2 Rbc8 30. Qd3 g6 31. Qe4 Rc1+ 32. Rxc1 Rxc1+ 33. Ka2 Qc4 34. Qd3 Qd5 35. Qxb5 Qxd4 36. Qe2 Kg7 37. Qd3 Qg1 38. Rb7 Ra1+ 39. Kb3 Rd1 40. Qc3+ e5 41. Qc7 Qe3+ 42. Ka2 Qf4 43. Rb8 Qf5 44. Qc8 Qb1+ 45. Kb3 Qd3+ 46. Ka4 Qd4+ 47. b4 Kf6 48. g4 Kg5 49. Rb7 Qd5 50. Rb5 Qxf3 51. Qd8+ Kxg4 52. Rb6 Rd3 53. Qd7+ Kh5 54. Rxd6 Rxa3+ 55. Kb5 Qe2+ 56. Kc5 Qe3+ 57. Kb5 Ra7 58. Qc6 Qe2+ 59. Kc5 Qc2+ 60. Kb6 Qxc6+ 61. Rxc6 Re7 62. b5 e4 63. Rc1 f5 64. Kc6 e3 65. b6 f4 66. b7 Rxb7 0-1

[Event "EWIRCC 2019"]
[Site "Monte-Carlo"]
[Date "2019.12.01"]
[Round "9.8"]
[White "Osmak, Iulija"]
[Black "Daulyte-Cornette, Deimante"]
[Result "1-0"]
[ECO "A50"]
[WhiteElo "2401"]
[BlackElo "2405"]
[Annotator "NA"]
[PlyCount "79"]
[EventDate "2019.11.28"]
[EventType "swiss"]
[EventCountry "MNC"]
[SourceTitle "playchess.com"]
[Source "ChessBase"]
[SourceQuality "1"]
[TimeControl "5400+30"]

1. d4 Nf6 2. c4 b6 3. Nc3 Bb7 4. f3 d5 5. cxd5 Nxd5 6. e4 Nxc3 7. bxc3 e5 8. Bb5+ c6 9. Bc4 exd4 10. cxd4 Bb4+ 11. Kf1 O-O 12. Ne2 b5 13. Bb3 c5 14. a3 Ba5 15. dxc5 Qf6 16. Be3 Bxe4 17. Qd4 Qxd4 18. Nxd4 Bd3+ 19. Kf2 Na6 20. Rac1 Rac8 21. Rhd1 Bc4 22. Bxc4 bxc4 23. Nf5 Rc7 24. Rxc4 g6 25. Nh6+ Kg7 26. Ra4 f5 27. Rxa5 Nb8 28. Bf4 Rb7 29. Rd2 Nc6 30. Ra6 Rc8 31. g4 Nb8 32. Bxb8 Rcxb8 33. g5 Rc8 34. c6 Rbc7 35. Rd7+ Rxd7 36. cxd7 Rd8 37. Rxa7 Kf8 38. Rc7 Ke7 39. a4 Ra8 40. Nf7 1-0

[Event "EWIRCC 2019"]
[Site "Monte-Carlo"]
[Date "2019.12.01"]
[Round "9.9"]
[White "Kashlinskaya, Alina"]
[Black "Gaponenko, Inna"]
[Result "1/2-1/2"]
[ECO "D27"]
[WhiteElo "2486"]
[BlackElo "2427"]
[Annotator "ChessBase"]
[PlyCount "129"]
[EventDate "2019.11.28"]
[EventType "swiss"]
[EventCountry "MNC"]
[SourceTitle "playchess.com"]
[Source "ChessBase"]
[SourceQuality "1"]
[TimeControl "5400+30"]

1. d4 d5 2. c4 dxc4 3. Nf3 Nf6 4. e3 e6 5. Bxc4 c5 6. O-O Nc6 7. Nc3 a6 8. Bb3 Be7 9. dxc5 Qxd1 10. Rxd1 Bxc5 11. Bd2 O-O 12. Rac1 Bd7 13. Nd5 Ne4 14. Nf4 Rfd8 15. Be1 Be7 16. Bc2 Nf6 17. h3 Be8 18. g4 Rxd1 19. Bxd1 Rd8 20. Bb3 Ne4 21. Bc2 Nd6 22. Kg2 h6 23. h4 Nc4 24. Bc3 Bb4 25. Bxb4 Nxb4 26. Be4 Nd6 27. Bb1 Bc6 28. a3 Nd5 29. Kg3 Nxf4 30. Kxf4 Bxf3 31. Kxf3 Rc8 32. Rxc8+ Nxc8 33. Ke4 Kf8 34. Kd4 Ke7 35. Be4 Nd6 36. Bf3 Kd7 37. Kc5 Kc7 38. Bg2 b6+ 39. Kd4 a5 40. f4 f6 41. Bf1 Nf7 42. Bc4 Kd6 43. Ke4 Nd8 44. b4 axb4 45. axb4 Nc6 46. b5 Na5 47. Ba2 Nb7 48. g5 Nc5+ 49. Kd4 e5+ 50. fxe5+ fxe5+ 51. Kc4 hxg5 52. hxg5 Ne4 53. g6 Ke6 54. Kd3+ Kf5 55. Be6+ Kxe6 56. Kxe4 Kd6 57. Kf5 Kd5 58. e4+ Kd6 59. Kg5 Kc5 60. Kf5 Kd6 61. Kg4 Ke6 62. Kg5 Ke7 63. Kf5 Kd6 64. Kg4 Ke6 65. Kg5 1/2-1/2

[Event "EWIRCC 2019"]
[Site "Monte-Carlo"]
[Date "2019.12.01"]
[Round "9.10"]
[White "Zaksaite, Salomeja"]
[Black "Chiburdanidze, Maia"]
[Result "0-1"]
[ECO "B12"]
[WhiteElo "2202"]
[BlackElo "2500"]
[Annotator "ChessBase"]
[PlyCount "66"]
[EventDate "2019.11.28"]
[EventType "swiss"]
[EventCountry "MNC"]
[SourceTitle "playchess.com"]
[Source "ChessBase"]
[SourceQuality "1"]
[TimeControl "5400+30"]

1. e4 c6 2. d4 d5 3. e5 a6 4. Bd3 c5 5. dxc5 Qc7 6. Nf3 Bg4 7. O-O e6 8. a3 Bxc5 9. Nbd2 Nc6 10. Qe1 Nge7 11. b4 Ba7 12. Bb2 b5 13. h3 Bh5 14. g4 Bg6 15. Qe2 Nc8 16. Kg2 Nb6 17. Rad1 Na4 18. Ba1 Ne7 19. Nb1 Rc8 20. Rfe1 O-O 21. Qd2 Nc6 22. Nh4 Qe7 23. Nxg6 fxg6 24. Nc3 Nxc3 25. Bxc3 g5 26. a4 d4 27. Bb2 Nxb4 28. axb5 axb5 29. Ra1 Bc5 30. Bxb5 Qb7+ 31. Kg1 Qxb5 32. Bxd4 Nxc2 33. Reb1 Nxd4 0-1

[Event "EWIRCC 2019"]
[Site "Monte-Carlo"]
[Date "2019.12.01"]
[Round "9.11"]
[White "Leconte, Maria"]
[Black "Sebag, Marie"]
[Result "0-1"]
[ECO "B91"]
[WhiteElo "2244"]
[BlackElo "2443"]
[Annotator "ChessBase"]
[PlyCount "75"]
[EventDate "2019.11.28"]
[EventType "swiss"]
[EventCountry "MNC"]
[SourceTitle "playchess.com"]
[Source "ChessBase"]
[SourceQuality "1"]
[TimeControl "5400+30"]

1. e4 c5 2. Nf3 d6 3. d4 cxd4 4. Nxd4 Nf6 5. Nc3 a6 6. g3 e5 7. Nb3 Nbd7 8. Bg2 Be7 9. O-O O-O 10. a4 b6 11. Nd5 Bb7 12. Be3 Nxd5 13. exd5 Re8 14. Nd2 Rc8 15. b3 f5 16. Nc4 Qc7 17. Ra2 Bf6 18. a5 b5 19. Nb6 Nxb6 20. axb6 Qf7 21. Qd2 e4 22. Bf4 Bc3 23. Qe2 Qf6 24. h4 Bd4 25. c4 Bxb6 26. cxb5 a5 27. Rd1 Rc3 28. Bd2 Rxb3 29. Bxa5 Bc5 30. Qc4 Rxg3 31. Kf1 Rg4 32. Bb4 e3 33. f4 Qxh4 34. Rd4 Bxd4 35. Bxd6 Rc8 36. Bc7 Rxf4+ 37. Ke2 Be5 38. Bf1 0-1

[Event "EWIRCC 2019"]
[Site "Monte-Carlo"]
[Date "2019.12.01"]
[Round "9.12"]
[White "Gunina, Valentina"]
[Black "Gaprindashvili, Nona"]
[Result "1-0"]
[ECO "B00"]
[WhiteElo "2509"]
[BlackElo "2275"]
[Annotator "ChessBase"]
[PlyCount "51"]
[EventDate "2019.11.28"]
[EventType "swiss"]
[EventCountry "MNC"]
[SourceTitle "playchess.com"]
[Source "ChessBase"]
[SourceQuality "1"]
[TimeControl "5400+30"]

1. e4 b6 2. Bc4 Bb7 3. Nc3 e6 4. d3 Bb4 5. Qg4 Bxc3+ 6. bxc3 Qf6 7. Ne2 d5 8. Bg5 Qg6 9. Nf4 f5 10. Qh4 Qf7 11. exd5 exd5 12. Bb3 h6 13. Ne2 Nd7 14. O-O Nc5 15. Nd4 Kf8 16. Rae1 Qg6 17. Bd8 Rc8 18. Re5 Nf6 19. Bxf6 gxf6 20. Rxf5 Kg7 21. Rf3 Kf7 22. Rg3 Qh7 23. Qh5+ Kf8 24. Rg6 Qe7 25. Nf5 Qe5 26. d4 1-0

[Event "EWIRCC 2019"]
[Site "Monte-Carlo"]
[Date "2019.12.01"]
[Round "9.13"]
[White "Bulmaga, Irina"]
[Black "Salimova, Nurgyul"]
[Result "1/2-1/2"]
[ECO "C76"]
[WhiteElo "2435"]
[BlackElo "2370"]
[Annotator "ChessBase"]
[PlyCount "248"]
[EventDate "2019.11.28"]
[EventType "swiss"]
[EventCountry "MNC"]
[SourceTitle "playchess.com"]
[Source "ChessBase"]
[SourceQuality "1"]
[TimeControl "5400+30"]

1. e4 e5 2. Nf3 Nc6 3. Bb5 a6 4. Ba4 g6 5. O-O Bg7 6. c3 d6 7. d4 Bd7 8. Bxc6 Bxc6 9. dxe5 dxe5 10. Qe2 Qe7 11. c4 Nf6 12. Nc3 O-O 13. Bg5 h6 14. Nd5 Bxd5 15. Bxf6 Qxf6 16. cxd5 c6 17. Rfd1 Rfd8 18. dxc6 Qxc6 19. Rac1 Rxd1+ 20. Rxd1 Rc8 21. h3 Qc2 22. Rd8+ Kh7 23. Qxc2 Rxc2 24. Rd2 Rxd2 25. Nxd2 Bf8 26. Nc4 f6 27. Kf1 Kg7 28. Ke2 Kf7 29. Ne3 Ke6 30. Nd5 Bc5 31. f3 Bd4 32. b3 f5 33. Kd3 Kd6 34. Kc4 Bf2 35. a4 Bg1 36. a5 Bf2 37. b4 Bh4 38. Nc3 Be1 39. Na4 Bf2 40. Nc5 Kc6 41. Ne6 fxe4 42. fxe4 b5+ 43. axb6 Bxb6 44. Nf8 g5 45. Ne6 a5 46. bxa5 Bxa5 47. Ng7 Bd8 48. g4 Be7 49. Nf5 Bf8 50. Ne3 Bc5 51. Nd5 Bf8 52. Nf6 Bg7 53. Nh5 Bf8 54. Ng3 Be7 55. Kd3 Kc5 56. Nf5 Bf8 57. Kc3 Kb5 58. Ng3 Be7 59. Ne2 Bd6 60. Nc1 Bc5 61. Nb3 Bb4+ 62. Kd3 Bd6 63. Nd2 Kc5 64. Nf3 Bc7 65. h4 gxh4 66. Nxh4 Bd6 67. Nf5 Bf8 68. Kc3 Kb5 69. Kd3 Kc5 70. Ke3 Kc4 71. Kf3 Kd3 72. Ne3 Be7 73. Nf1 Bh4 74. Ne3 Be7 75. Nd5 Bf8 76. Nb6 Kd4 77. Nd7 Be7 78. Nb6 Bf8 79. Nd5 Ba3 80. Nc7 Bc1 81. Ne6+ Kc4 82. Nd8 Bg5 83. Nc6 Bf4 84. Nd8 Bg5 85. Ne6 Bc1 86. Nf8 Bg5 87. Ng6 Kd4 88. Nf8 Kc4 89. Ne6 Bc1 90. Ke2 Bg5 91. Kf2 Kd3 92. Kf3 Kc4 93. Nf8 Bc1 94. Ng6 Kd4 95. Ne7 Bf4 96. Nc6+ Kd3 97. Nd8 Bg5 98. Nf7 Kd4 99. Nd6 Bc1 100. Nf5+ Kd3 101. Nh4 Bg5 102. Ng6 Kd4 103. Nf8 Bc1 104. Nd7 Bg5 105. Nb8 Bf4 106. Nc6+ Kc5 107. Nd8 Bg5 108. Nf7 Bf4 109. g5 hxg5 110. Kg4 Kd4 111. Nd6 Kc5 112. Ne8 Kd4 113. Nf6 Ke3 114. Kf5 Kd3 115. Ng4 Kd4 116. Nf6 Kd3 117. Ng4 Kd4 118. Nh6 Kd3 119. Ng4 Kd4 120. Nf6 Kd3 121. Nh5 g4 122. Nxf4+ exf4 123. Kxf4 g3 124. Kxg3 Kxe4 1/2-1/2

[Event "EWIRCC 2019"]
[Site "Monte-Carlo"]
[Date "2019.12.01"]
[Round "9.14"]
[White "Belenkaya, Dina"]
[Black "Worek, Joanna"]
[Result "1/2-1/2"]
[ECO "B70"]
[WhiteElo "2302"]
[BlackElo "2316"]
[Annotator "ChessBase"]
[PlyCount "151"]
[EventDate "2019.11.28"]
[EventType "swiss"]
[EventCountry "MNC"]
[SourceTitle "playchess.com"]
[Source "ChessBase"]
[SourceQuality "1"]
[TimeControl "5400+30"]

1. e4 c5 2. Nc3 Nc6 3. Nge2 g6 4. d4 cxd4 5. Nxd4 Bg7 6. Nf3 Nf6 7. h3 d6 8. Bc4 O-O 9. O-O a6 10. Re1 b5 11. Bb3 Bb7 12. Nd5 Na5 13. Bg5 Nxb3 14. axb3 Rc8 15. Bxf6 exf6 16. c3 Re8 17. Qd3 Rb8 18. b4 Qd7 19. Rad1 Rbd8 20. Nd2 Qc6 21. Nb3 f5 22. Na5 Qd7 23. exf5 Rxe1+ 24. Rxe1 Bxd5 25. Qxd5 Re8 26. Re3 gxf5 27. Rxe8+ Qxe8 28. Kf1 Be5 29. Nc6 Kg7 30. g3 Qa8 31. Qf3 Bf6 32. Kg2 Qe8 33. Qd5 Qe2 34. Qxf5 Qxb2 35. Qg4+ Kf8 36. Qc8+ Kg7 37. Nb8 Qxc3 38. Qg4+ Kh8 39. Nd7 Bg7 40. Nc5 h6 41. Nd7 Qc6+ 42. Kh2 d5 43. Qf5 Qe6 44. Qxe6 fxe6 45. Nc5 e5 46. Kg2 Bf8 47. Nxa6 Bd6 48. Kf3 Kg7 49. Ke3 Kf6 50. f3 Ke6 51. g4 Kd7 52. h4 Ke6 53. Kd3 Kd7 54. Nc5+ Ke7 55. g5 hxg5 56. hxg5 Kf7 57. Kc3 Kg6 58. Ne6 Kf5 59. Nd8 Be7 60. Nc6 Bxg5 61. Na7 Kf4 62. Nxb5 Kxf3 63. Nc7 Ke4 64. b5 Be3 65. Ne6 d4+ 66. Kc2 d3+ 67. Kc3 d2 68. Kc2 Kd5 69. Nc7+ Kc5 70. Kd1 Bh6 71. Ke2 Kb6 72. Nd5+ Kxb5 73. Nf6 Kc4 74. Ng4 Bf4 75. Nxe5+ Kc3 76. Nf3 1/2-1/2

[Event "EWIRCC 2019"]
[Site "Monte-Carlo"]
[Date "2019.12.01"]
[Round "9.15"]
[White "Petrova, Irina"]
[Black "Michna, Marta"]
[Result "0-1"]
[ECO "C12"]
[WhiteElo "2109"]
[BlackElo "2366"]
[Annotator "ChessBase"]
[PlyCount "218"]
[EventDate "2019.11.28"]
[EventType "swiss"]
[EventCountry "MNC"]
[SourceTitle "playchess.com"]
[Source "ChessBase"]
[SourceQuality "1"]
[TimeControl "5400+30"]

1. d4 Nf6 2. Bg5 e6 3. Nc3 d5 4. e4 Bb4 5. e5 h6 6. Bd2 Bxc3 7. bxc3 Ne4 8. Qg4 g6 9. Bd3 Nxd2 10. Kxd2 c5 11. h4 c4 12. Be2 Bd7 13. Rh3 Bc6 14. Rf3 Nd7 15. Qf4 Qe7 16. Nh3 b5 17. a3 a5 18. g4 Rh7 19. g5 h5 20. Qe3 Kd8 21. Rg3 Kc7 22. Rgg1 Rhh8 23. Rgb1 Rhb8 24. Nf4 Nb6 25. Bd1 Rb7 26. Ke1 Rab8 27. Qc1 Qf8 28. Ne2 Qe7 29. Qf4 Na4 30. Qf6 Qf8 31. Qf4 Kc8 32. Qc1 Qd8 33. Qf4 Qf8 34. Qc1 Ra7 35. Qd2 Rb6 36. Qc1 Rab7 37. Qd2 Rb8 38. Qc1 R6b7 39. Qd2 Bd7 40. Qc1 Nb6 41. Qf4 Na4 42. Qc1 Be8 43. Qd2 Qe7 44. Qc1 Nb6 45. Qf4 Qc7 46. Qc1 Kd8 47. Qf4 Nc8 48. Qd2 Ne7 49. Ng3 Nc6 50. Be2 Kc8 51. Bd1 Qb6 52. Ne2 Qa7 53. Kf1 Qb6 54. Rb2 Qc7 55. Rbb1 Rb6 56. Rb2 Qb7 57. Rab1 Qe7 58. Ra1 R8b7 59. Rbb1 Kb8 60. Kg2 Qc7 61. Kg1 Ne7 62. Ng3 Kc8 63. Kg2 Bd7 64. Qf4 Be8 65. Qd2 Qb8 66. Kg1 Qc7 67. Kg2 Kb8 68. Kg1 Nc8 69. Ne2 Ra6 70. Kg2 Nb6 71. Qf4 Na4 72. Qc1 Qb6 73. Qd2 Qa7 74. Qc1 Bc6 75. Qd2 Ka8 76. Kh2 Kb8 77. Kg3 Qb6 78. Kh2 Qd8 79. Qf4 Rab6 80. Qd2 Qf8 81. Qc1 Kc8 82. Kg1 Qd8 83. Kf1 Rb8 84. Qd2 R6b7 85. Qc1 Qb6 86. Qd2 Qa7 87. Qc1 Rc7 88. Qd2 Rcb7 89. Qc1 Rc7 90. Qd2 Rbb7 91. Qc1 Nxc3 92. Nxc3 Qxd4 93. Qe3 Qxh4 94. Ne2 Qh1+ 95. Ng1 d4 96. Qg3 h4 97. Qh3 Qe4 98. Nf3 c3 99. Qxh4 Qxh4 100. Nxh4 Be4 101. Bf3 Bxc2 102. Bxb7+ Rxb7 103. Rc1 d3 104. Nf3 b4 105. axb4 axb4 106. Ra8+ Kd7 107. Ke1 b3 108. Raa1 b2 109. Nd4 d2+ 0-1

[Event "EWIRCC 2019"]
[Site "Monte-Carlo"]
[Date "2019.12.01"]
[Round "9.16"]
[White "Solozhenkina, Elizaveta"]
[Black "Dornbusch, Tatiana"]
[Result "0-1"]
[ECO "B03"]
[WhiteElo "2314"]
[BlackElo "2269"]
[Annotator "NA"]
[PlyCount "105"]
[EventDate "2019.11.28"]
[EventType "swiss"]
[EventCountry "MNC"]
[SourceTitle "playchess.com"]
[Source "ChessBase"]
[SourceQuality "1"]
[TimeControl "5400+30"]

1. e4 Nf6 2. e5 Nd5 3. d4 d6 4. c4 Nb6 5. exd6 exd6 6. Nc3 Be7 7. Nf3 Bg4 8. h3 Bh5 9. g4 Bg6 10. h4 h6 11. Bf4 Bf6 12. Qe2+ Qe7 13. O-O-O Nc6 14. Qxe7+ Bxe7 15. d5 Nb4 16. a3 Na6 17. Re1 Nc5 18. Nd4 Kd7 19. Rh3 Bf6 20. Nc2 Rae8 21. Ree3 Nb3+ 22. Kd1 Nd4 23. Ne1 a5 24. g5 Bh5+ 25. Kc1 Bd8 26. Bd3 hxg5 27. hxg5 Bg4 28. Rxh8 Rxh8 29. Rg3 Bf5 30. Be3 Bxd3 31. Bxd4 Bxc4 32. Bxg7 Rh1 33. Kd2 Bxd5 34. Nd3 Nc4+ 35. Kc2 Bc6 36. Rg4 b5 37. a4 b4 38. Rxc4 bxc3 39. Bxc3 Bxg5 40. Bxa5 Rh4 41. f4 Rh2+ 42. Bd2 Bh4 43. Rb4 f5 44. a5 Be4 45. a6 Be1 46. a7 Rxd2+ 47. Kc1 Bf3 48. Nxe1 Rd1+ 49. Kc2 Rxe1 50. Rb8 Re8 51. b4 Re2+ 52. Kc3 Ra2 53. Kd4 0-1

[Event "EWIRCC 2019"]
[Site "Monte-Carlo"]
[Date "2019.12.01"]
[Round "9.17"]
[White "Socko, Monika"]
[Black "Berzina, Ilze"]
[Result "1-0"]
[ECO "D30"]
[WhiteElo "2417"]
[BlackElo "2211"]
[Annotator "NA"]
[PlyCount "61"]
[EventDate "2019.11.28"]
[EventType "swiss"]
[EventCountry "MNC"]
[SourceTitle "playchess.com"]
[Source "ChessBase"]
[SourceQuality "1"]
[TimeControl "5400+30"]

1. d4 d5 2. c4 c6 3. Nf3 e6 4. Nbd2 Nf6 5. g3 c5 6. Bg2 Nc6 7. cxd5 exd5 8. dxc5 Bxc5 9. O-O O-O 10. Nb3 Bb6 11. Nfd4 Ne4 12. Be3 Ne5 13. Qc2 Re8 14. Rad1 Qf6 15. a4 a5 16. Nb5 Bxe3 17. fxe3 Qh6 18. Bxe4 dxe4 19. Qxe4 Bh3 20. Nd6 Bxf1 21. Nxe8 Bxe2 22. Rd6 Rxe8 23. Rxh6 Nf3+ 24. Qxf3 Bxf3 25. Rd6 g5 26. Kf2 g4 27. Nd4 Bd1 28. b3 Rc8 29. Rd5 b6 30. Rd6 Rb8 31. Nc6 1-0

[Event "EWIRCC 2019"]
[Site "Monte-Carlo"]
[Date "2019.12.01"]
[Round "9.19"]
[White "Savina, Anastasia"]
[Black "Semenova, Elena"]
[Result "1-0"]
[ECO "D26"]
[WhiteElo "2354"]
[BlackElo "2282"]
[Annotator "ChessBase"]
[PlyCount "177"]
[EventDate "2019.11.28"]
[EventType "swiss"]
[EventCountry "MNC"]
[SourceTitle "playchess.com"]
[Source "ChessBase"]
[SourceQuality "1"]
[TimeControl "5400+30"]

1. d4 d5 2. c4 dxc4 3. Nf3 Nf6 4. e3 e6 5. Bxc4 c5 6. O-O cxd4 7. exd4 Be7 8. Nc3 O-O 9. Re1 Nc6 10. a3 b6 11. d5 Nxd5 12. Nxd5 exd5 13. Bxd5 Bb7 14. Bf4 Rc8 15. Rc1 Bf6 16. b4 Qd7 17. Be4 Qg4 18. Bg3 Rfd8 19. Qa4 Nd4 20. Nxd4 Rxc1 21. Rxc1 Qxe4 22. Nf3 a5 23. h3 axb4 24. axb4 h6 25. Qb5 Qe6 26. Re1 Qb3 27. Re8+ Rxe8 28. Qxe8+ Kh7 29. Ne5 Qd5 30. f3 Qd8 31. Qxd8 Bxd8 32. Nxf7 Be7 33. Bd6 Bf6 34. Be5 Be7 35. Bc3 Kg6 36. Ne5+ Kf5 37. Nc4 b5 38. Na3 Bc6 39. Nc2 Bf6 40. Bxf6 Kxf6 41. Kf2 Ke5 42. Ke3 Kd5 43. Kd3 Be8 44. Ne3+ Ke5 45. g3 Bg6+ 46. Kc3 Bf7 47. Ng4+ Kd5 48. Nf2 Be6 49. Nd3 g5 50. g4 Bf7 51. Nc5 Bg6 52. Nd3 Bf7 53. Nc1 Ke5 54. Nd3+ Kd5 55. f4 gxf4 56. Nxf4+ Ke4 57. Ne2 Kf3 58. Nd4+ Kg3 59. Nf5+ Kxh3 60. Nxh6 Be8 61. Kd4 Kh4 62. Ke5 Kg5 63. Ng8 Bf7 64. Nf6 Bc4 65. Nd5 Bd3 66. Ne3 Be2 67. Ke4 Kg6 68. Kf4 Bd3 69. g5 Kf7 70. Ng4 Bc2 71. Ne3 Bd3 72. Ng2 Ke6 73. Ne3 Bg6 74. Ng4 Kd5 75. Ne5 Be8 76. Kf5 Kd4 77. Kf6 Bh5 78. Nc6+ Kd5 79. Na5 Kd4 80. g6 Bf3 81. g7 Bd5 82. Nc6+ Kc4 83. Ke5 Bg8 84. Kd6 Bh7 85. Kc7 Bg8 86. Kb6 Bh7 87. Ka5 Bg8 88. Ne7 Bh7 89. g8=Q+ {[%emt 0:00:00] Kd5} 1-0

[Event "EWIRCC 2019"]
[Site "Monte-Carlo"]
[Date "2019.12.01"]
[Round "9.20"]
[White "Babiy, Olga"]
[Black "Muetsch, Annmarie"]
[Result "1/2-1/2"]
[ECO "B35"]
[WhiteElo "2249"]
[BlackElo "2240"]
[Annotator "NA"]
[PlyCount "117"]
[EventDate "2019.11.28"]
[EventType "swiss"]
[EventCountry "MNC"]
[SourceTitle "playchess.com"]
[Source "ChessBase"]
[SourceQuality "1"]
[TimeControl "5400+30"]

1. e4 c5 2. Nc3 Nc6 3. Nge2 g6 4. d4 cxd4 5. Nxd4 Bg7 6. Be3 Nf6 7. Bc4 O-O 8. Bb3 Re8 9. h3 e6 10. O-O d5 11. exd5 Nxd5 12. Nxd5 exd5 13. c3 Na5 14. Qd3 b6 15. Rad1 Bb7 16. Nf3 Qc7 17. Bd4 Nc4 18. Bxg7 Kxg7 19. Qc2 Rad8 20. Rfe1 Qf4 21. Rd4 Rxe1+ 22. Nxe1 Qc7 23. Qe2 b5 24. Nf3 Bc6 25. Rd1 Re8 26. Qc2 Qf4 27. Rd4 Qf6 28. Qc1 h6 29. Bc2 Ne5 30. Nxe5 Rxe5 31. Qd2 Qe7 32. Bd1 Re1+ 33. Kh2 Qe5+ 34. g3 h5 35. Bf3 Rb1 36. Kg2 a6 37. Bd1 a5 38. Bf3 a4 39. a3 Kh7 40. Rb4 Ra1 41. Rf4 Kg8 42. Rd4 Rb1 43. Kh2 Kg7 44. Kg2 Kg8 45. Rf4 Ra1 46. Rd4 Rb1 47. Rd3 Kg7 48. Re3 Qf6 49. h4 Kh7 50. Qc2 Ra1 51. Qd2 Rb1 52. Qc2 Ra1 53. Qd2 Rb1 54. Qc2 Ra1 55. Qd2 Rb1 56. Rd3 Qe5 57. Re3 Qf6 58. Qc2 Ra1 59. Qd2 1/2-1/2